 Dungeon Crawl Stone Soup version 0.21-a0-417-g0adc95b (webtiles) character file.

37 theanonym the Skirmisher (level 3, -6/43 HPs)
             Began as a Demonspawn Berserker on Nov 4, 2017.
             Was a Follower of Trog.
             Mangled by a worm (8 damage)
             ... on level 2 of the Dungeon.
             The game lasted 00:01:44 (1319 turns).

theanonym the Skirmisher (Demonspawn Berserker)     Turns: 1319, Time: 00:01:45

Health: -6/43      AC:  2    Str: 23    XL:     3   Next: 21%
Magic:  3/3        EV: 12    Int:  8    God:    Trog [*.....]
Gold:   84         SH:  0    Dex: 12    Spells: 2/2 levels left

rFire    . . .     SeeInvis .   a - +0 hand axe
rCold    . . .     Gourm    .   (no shield)
rNeg     . . .     Faith    .   b - +0 animal skin
rPois    .         Spirit   .   (helmet restricted)
rElec    .         Reflect  .   (no cloak)
rCorr    .         Harm     .   (no gloves)
MR       .....                  (no boots)
Stlth    ..........             (no amulet)
HPRegen  0.14/turn              (no ring)
MPRegen  0.08/turn              (no ring)

@: berserking, lethally poisoned (-6 -> -9), very quick
A: horns 1, talons 1
a: Berserk, Burn Spellbooks, Renounce Religion


You were on level 2 of the Dungeon.
You worshipped Trog.
Trog was aware of your devotion.
You were very hungry.

You visited 1 branch of the dungeon, and saw 2 of its levels.

You collected 84 gold pieces.

Inventory:

Hand Weapons
 a - a +0 hand axe (weapon)
Armour
 b - a +0 animal skin (worn)
Scrolls
 e - a scroll of noise {unknown}
 g - 2 scrolls of identify {unknown}
 h - a scroll of teleportation {unknown}
 j - a scroll of magic mapping {unknown}
 k - a scroll of enchant armour {unknown}
Potions
 d - a potion of brilliance {unknown}
 f - a potion of heal wounds {unknown}
 i - a potion of might {unknown}
 l - 2 potions of resistance {unknown}
Comestibles
 c - a bread ration


   Skills:
 + Level 3.3 Fighting
 + Level 3.0 Axes
 + Level 2.2 Armour
 + Level 2.2 Dodging


You had 2 spell levels left.
You didn't know any spells.

Dungeon Overview and Level Annotations

Branches:
Dungeon (2/15)

Altars:
Gozag


Innate Abilities, Weirdness & Mutations

You have a pair of small horns on your head.
You have sharp toenails.


Message History

A leopard gecko is nearby!
A leopard gecko is nearby!
A leopard gecko is nearby!
The leopard gecko hisses angrily.
You hit the leopard gecko. You claw the leopard gecko.
You kill the leopard gecko!
Trog accepts your kill.
No target in view!
No target in view!
A frilled lizard comes into view.
A frilled lizard is nearby!
A frilled lizard is nearby!
A frilled lizard is nearby!
A frilled lizard is nearby!
The frilled lizard barely misses you.
You hit the frilled lizard.
You kill the frilled lizard!
Trog accepts your kill.
No target in view!
A worm comes into view.
Found 13 gold pieces.
A goblin comes into view. It is wielding a club.
The goblin shouts!
The goblin drinks a potion.
The goblin suddenly seems more agile.
There are monsters nearby!
The goblin throws a stone.
The stone misses you.
An adder comes into view.
The goblin throws a stone.
The stone barely misses you.
There are monsters nearby!
There are monsters nearby!
The goblin hits you with a club.
You closely miss the goblin.
The adder hisses angrily.
Your kick misses the goblin. The adder closely misses you.
The goblin closely misses you.
There are monsters nearby!
There are monsters nearby!
You closely miss the adder. Your kick misses the adder. You miss the goblin.
The adder closely misses you. The goblin hits you with a club.
You take 9 damage, and have 15/24 hp.
MASSIVE DAMAGE!!
You hit the adder but do no damage. You closely miss the goblin.
The adder bites you.
* * * LOW HITPOINT WARNING * * *
You are poisoned.
The adder poisons you! The adder barely misses you.
The goblin hits you with a club.
* * * LOW HITPOINT WARNING * * *
You are too injured to fight recklessly!
You take 5 damage, and have 10/24 hp.
MASSIVE DAMAGE!!
You are too injured to fight recklessly!
You are too injured to fight recklessly!
You are too injured to fight recklessly!
You are too injured to fight recklessly!
You are too injured to fight recklessly!
You are too injured to fight recklessly!
You are too injured to fight recklessly!
You are too injured to fight recklessly!
You are too injured to fight recklessly!
You are too injured to fight recklessly!
A red film seems to cover your vision as you go berserk!
You feel yourself moving faster!
You feel mighty!
You are feeling very hungry.
You feel sick. The adder bites you.
* * * LOW HITPOINT WARNING * * *
The goblin hits you with a club.
* * * LOW HITPOINT WARNING * * *
You now have 9/36 hp.
You barely miss the adder. Your kick misses the adder.
You closely miss the goblin. The adder bites you.
* * * LOW HITPOINT WARNING * * *
You are more poisoned.
The adder poisons you! The goblin barely misses you.
You take 3 damage, and have 6/36 hp.
You slash the adder!
You kill the adder!
Trog accepts your kill.
You have reached level 3!
Your experience leads to an increase in your attributes!
Your base attributes are Str 17, Int 8, Dex 12.
Increase (S)trength, (I)ntelligence, or (D)exterity?
You feel stronger.
Your demonic ancestry asserts itself...
A pair of horns grows on your head!
You barely miss the goblin.
You regained 2 hp, and now have 8/43 hp.
MP restored: 3 You miss the goblin.
You feel sick. The goblin hits you with a club.
* * * LOW HITPOINT WARNING * * *
You take 4 damage, and have 4/43 hp.
You completely miss the goblin. Your kick misses the goblin.
You closely miss the goblin. You claw the goblin.
The goblin hits you with a club.
* * * LOW HITPOINT WARNING * * *
You take 1 damage, and have 3/43 hp.
You hit the goblin.
You kill the goblin!
Trog accepts your kill.
You slash the worm!
* * * LOW HITPOINT WARNING * * *
You feel sick. The worm bites you!
You die...

#$w.######..........#
..........##.#######
#.....#..##.# #
#....#.(##.# #.
.#..#(..##.# #..
##....##.#
...###.....##.#
#..#..#w....##.#
#...@#...###.#
#..)†.##.....
#..........####
###..####### #.# #. #


You could see a worm.

Vanquished Creatures
  An adder (D:2)
  An ooze (D:1)
  A dart slug (D:1)
  A leopard gecko (D:2)
  2 giant cockroaches (D:1)
  3 jackals (D:2)
  4 bats
  A frilled lizard (D:2)
  5 goblins
  2 kobolds
  A rat (D:1)
22 creatures vanquished.

Notes
Turn   | Place    | Note
-------+----------+-------------------------------------------
     0 | D:1      | theanonym the Demonspawn Berserker began the quest for the Orb.
     0 | D:1      | Reached XP level 1. HP: 18/18 MP: 1/1
   215 | D:1      | Reached skill level 2 in Armour
   215 | D:1      | Reached skill level 2 in Dodging
   215 | D:1      | Gained mutation: You have sharp toenails. [demonic ancestry]
   215 | D:1      | Reached XP level 2. HP: 20/24 MP: 2/2
  1052 | D:2      | Reached skill level 3 in Axes
  1071 | D:2      | Found an opulent altar of Gozag.
  1314 | D:2      | HP: 6/36 [adder (3)]
  1315 | D:2      | Gained mutation: You have a pair of small horns on your head. [demonic ancestry]
  1315 | D:2      | Reached XP level 3. HP: 7/29 MP: 3/3
  1319 | D:2      | HP: 2/43 [poisoned by an adder]
  1319 | D:2      | Mangled by a worm

Vault maps used:
D:1:      lightli_arrival_noodles, hex_large
D:2:      grunt_gozag_breadcrumbs, minmay_misc_feat_chi

Skill      XL: |  1  2 |
---------------+-------+-----
Armour         | 2 |  2.2
Dodging        | 2 |  2.2
Axes           | 3 |  3.0
Fighting       | |  3.3

Action                   || total
-------------------------++-------
Melee: Hand axe          ||    72
       Kick              ||     8
Invok: Berserk           ||     1
  Eat: Chunk             ||     1
Armor: Animal skin       ||    15
Dodge: Dodged            ||    48

Table legend:
 A = Spawn XP
 B = Non-spawn XP
 C = Spawn XP percentage of total XP
 D = Spawn monster count
 E = Non-spawn monster count
 F = Spawn count percentage of total count
 G = Total turns spent on level
                    A         B        C        D         E        F      G
               +---------+---------+-------+---------+---------+-------+---------
         Total |       0 |      53 |   0.0 |       0 |      22 |   0.0 |  1319
               +---------+---------+-------+---------+---------+-------+---------
           D:1 |       0 |      25 |   0.0 |       0 |      13 |   0.0 |   937
           D:2 |       0 |      28 |   0.0 |       0 |       9 |   0.0 |   382
               +---------+---------+-------+---------+---------+-------+---------
